 Dungeon Crawl Stone Soup version 0.30-b1-2-g02819fbbbe (webtiles) character file.

Game seed: 17813819500971502679

44 Fartwhistle the Skirmisher (level 3, 0/31 HPs)
             Began as a Gnoll Hunter on Sept 17, 2023.
             Slain by a gnoll
             ... wielding a +0 whip
              (4 damage)
             ... on level 3 of the Dungeon.
             The game lasted 00:03:14 (1408 turns).

Fartwhistle the Skirmisher (Gnoll Hunter)           Turns: 1408, Time: 00:03:14

Health: 0/31       AC:  4    Str: 10    XL:     3   Next: 62%
Magic:  4/4        EV: 13    Int: 10    God:
Gold:   97         SH:  0    Dex: 15    Spells: 3/3 levels left

rFire   . . .        a - +0 shortbow
rCold   . . .        (shield currently unavailable)
rNeg    . . .        c - +1 leather armour
rPois   .            (no helmet)
rElec   .            (no cloak)
rCorr   .            (no gloves)
SInv    .            (no boots)
Will    .....        (no amulet)
Stlth   ++           (no ring)
HPRegen 0.25/turn    (no ring)
MPRegen 0.09/turn

%: no passive effects
@: no status effects
A: fangs 1, strong nose, distributed training
a: no special abilities


You were on level 3 of the Dungeon.
You visited 1 branch of the dungeon, and saw 3 of its levels.

You collected 97 gold pieces.

Inventory:

Hand Weapons
 a - a +0 shortbow (weapon)
Missiles
 l - 3 boomerangs
Armour
 c - a +1 leather armour (worn)
Jewellery
 i - a ring of magical power
Scrolls
 b - 2 scrolls of immolation
 e - a scroll of torment {unknown}
 f - a scroll of magic mapping {unknown}
 n - a scroll of poison {unknown}
Potions
 d - 4 potions of curing {unknown}
 g - a potion of resistance {unknown}
 h - 3 potions of flight {unknown}
 j - a potion of degeneration {unknown}
 k - 2 potions of ambrosia {unknown}
 m - 2 potions of heal wounds {unknown}


   Skills:
 + Level 4.5 Fighting
 + Level 0.9 Short Blades
 + Level 0.9 Long Blades
 + Level 0.9 Axes
 + Level 0.9 Maces & Flails
 + Level 0.9 Polearms
 + Level 0.9 Staves
 + Level 8.5 Ranged Weapons
 + Level 0.9 Throwing
 + Level 0.9 Armour
 + Level 4.5 Dodging
 + Level 2.4 Stealth
 + Level 0.9 Shields
 + Level 0.9 Unarmed Combat
 + Level 0.9 Spellcasting
 + Level 0.6 Conjurations
 + Level 0.6 Hexes
 + Level 0.6 Summonings
 + Level 0.6 Necromancy
 + Level 0.6 Translocations
 + Level 0.6 Transmutations
 + Level 0.6 Fire Magic
 + Level 0.6 Ice Magic
 + Level 0.6 Air Magic
 + Level 0.6 Earth Magic
 + Level 0.6 Poison Magic
 + Level 1.0 Invocations
 + Level 0.9 Evocations


You had 3 spell levels left.
You didn't know any spells.
Your spell library contained the following spells:

 Spells                   Type           Power      Damage    Failure   Level
 Magic Dart               Conj           4%         1d3       36%         1
 Call Imp                 Summ           2%         N/A       50%         2
 Mephitic Cloud           Conj/Pois/Air  1%         N/A       73%         3


Dungeon Overview and Level Annotations

Branches:
Dungeon (3/15)

Altars:
Zin

Shops:
D:2 :

Annotations:
D:3 Sigmund


Innate Abilities, Weirdness & Mutations

You have very sharp teeth.
Your uncanny sense of smell can sniff out nearby items.
Your experience applies equally to all skills.


Message History

You open the door.
There is an open door here.
You open the door.
There is an open door here.
You open the door. 3 gnolls come into view.
The gnoll shouts! x2; You hear a shout!
A gnoll comes into view. It is wielding a +0 halberd.
Found a glowing silver altar of Zin.
You shoot an arrow. The arrow hits the gnoll.
The gnoll is heavily wounded.
There is an open door here.
You shoot an arrow. The arrow hits the gnoll.
The gnoll is lightly wounded.
You shoot an arrow.
The arrow hits the gnoll but does no damage.
The gnoll is lightly wounded.
You shoot an arrow. The arrow hits the gnoll.
The gnoll is heavily wounded.
The gnoll hits you with a +0 flail!
You shoot an arrow. The arrow hits the gnoll!
You kill the gnoll!
You shoot an arrow. The arrow closely misses the gnoll.
The gnoll closely misses you. The gnoll attacks as you move away!
The gnoll barely misses you. The gnoll attacks as you move away!
The gnoll hits you with a +0 whip!
There is an open door here.
The gnoll attacks as you move away! The gnoll misses you.
The gnoll throws a throwing net.
The throwing net hits you.
You become entangled in the net!
You see here a throwing net.
You struggle against the net.
The gnoll hits you but does no damage.
You tear a large gash into the net.
The gnoll hits you with a +0 whip.
You struggle against the net.
The gnoll hits you from afar with a +0 halberd!
* * * LOW HITPOINT WARNING * * *
The gnoll barely misses you.
You rip the net and break free!
The gnoll closely misses you. The gnoll hits you with a +0 whip.
You die...

####.# #.# #.#
#.##########
#.#.....##..
#.#.....##.#
#.#.....##.####
#.#.....##....#
#.#..)..'.@g..#
#.#.....###.g.####
#.####'####......#
#.# #....###.g..#
#.# #.##.#
####'##+
#.#######.#
#.....#
#.........#
#.....#
###########
+##'##+##+
#..#g....#


You could see 3 gnolls.

Vanquished Creatures
  A gnoll (D:3)
  2 dart slugs
  3 endoplasms
  2 giant cockroaches
  4 goblins
  A hobgoblin (D:2)
  4 jackals (D:1)
  3 ball pythons (D:1)
  2 bats (D:1)
  A frilled lizard (D:1)
  3 kobolds (D:1)
  3 rats
29 creatures vanquished.

Notes
Turn   | Place    | Note
-------+----------+-------------------------------------------
     0 | D:1      | Fartwhistle the Gnoll Hunter began the quest for the Orb.
     0 | D:1      | Reached XP level 1. HP: 20/20 MP: 1/1
    81 | D:1      | Reached XP level 2. HP: 23/26 MP: 2/2
   598 | D:1      | Reached XP level 3. HP: 31/31 MP: 3/3
   892 | D:2      | Found Ytil's Vocational Training.
  1181 | D:2      | Found a faded altar of an unknown god.
  1271 | D:3      | Noticed Sigmund
  1280 | D:2      | Reached skill level 1 in Invocations
  1388 | D:3      | Found a glowing silver altar of Zin.
  1408 | D:3      | Slain by a gnoll

Illustrated notes

Levels and vault maps discovered:
D:1:      shiori_arrival_oz, layout_loops_ring, minmay_heptomino_w4
D:2:      layout_rooms, chequers_ecumenical_altar_grove, nicolae_shop_vocational
D:3:      layout_basic, okawaru_altar_gauntlet_db, lemuel_tele_altar,
          mainiacjoe_overflow_24_doors, nicolae_figureground_sparkle,
          uniq_grinder, uniq_robin, uniq_sigmund

Skill      XL: |  1  2  3 |
---------------+----------+-----
Invocations    | 1 |  1.0
Fighting       | |  4.5
Short Blades   | |  0.9
Long Blades    | |  0.9
Axes           | |  0.9
Maces & Flails | |  0.9
Polearms       | |  0.9
Staves         | |  0.9
Ranged Weapons | |  8.5
Throwing       | |  0.9
Armour         | |  0.9
Dodging        | |  4.5
Stealth        | |  2.4
Shields        | |  0.9
Unarmed Combat | |  0.9
Spellcasting   | |  0.9
Conjurations   | |  0.6
Hexes          | |  0.6
Summonings     | |  0.6
Necromancy     | |  0.6
Translocations | |  0.6
Transmutations | |  0.6
Fire Magic     | |  0.6
Ice Magic      | |  0.6
Air Magic      | |  0.6
Earth Magic    | |  0.6
Poison Magic   | |  0.6
Evocations     | |  0.9

Action                     || total
---------------------------++-------
  Melee: Shortbow          ||     2
   Fire: Shortbow          ||    75
    Use: Scroll            ||     1
 Armour: Leather armour    ||     9
  Dodge: Dodged            ||    24
